 Dungeon Crawl Stone Soup version 0.31.0-9-g3a7656b989 (console) character file.

Game seed: 3322929812674671530

17761 AlterAsc the Grappler (level 12, -10/82 HPs)
             Began as an Octopode Shapeshifter on Jan 28, 2024.
             Was an Initiate of Gozag.
             Mangled by a culicivora (27 damage)
             ... on level 2 of the Lair of Beasts.
             The game lasted 00:30:09 (13405 turns).

AlterAsc the Grappler (Octopode Shapeshifter)      Turns: 13405, Time: 00:30:10

Health: -10/82     AC:  1    Str: 25    XL:     12   Next: 51%
Magic:  12/12      EV: 20    Int: 12    God:    Gozag
Gold:   470        SH:  0    Dex: 11    Spells: 11/11 levels left

rFire   . .          .
                       - Unarmed
rCold   . . .        (shield currently unavailable)
rNeg    + . .        (helmet restricted)
rPois   +            (no amulet)
rElec   .            h - ring of flight
rCorr   .            p - +6 ring of strength
SInv    +            v - ring of positive energy
Will    .....        C - ring of see invisible
Stlth   +++          D - +5 ring of evasion
HPRegen 0.33/turn    E - ring of poison resistance
MPRegen 0.13/turn    (no ring)
                     (no ring)

%: no passive effects
@: blade tentacles, gold aura, flying
A: almost no armour, amphibious, 8 rings, camouflage 1, gelatinous body 1,
(nimble swimmer 1), tentacles
a: Begin Untransformation, Renounce Religion, Potion Petition, Call Merchant,
Bribe Branch


You were on level 2 of the Lair of Beasts.
You worshipped Gozag.
Gozag was aware of your devotion.
You had blades for main tentacles.
You visited 3 branches of the dungeon, and saw 14 of its levels.
You also visited: Ossuary.

You collected 2652 gold pieces.
You spent 460 gold pieces at shops.
You paid 1722 gold pieces to Gozag.

Inventory:

Hand Weapons
 O - a +2 trident of venom
Missiles
 d - 129 stones
 j - 28 poisoned darts (quivered)
 l - 6 atropa-tipped darts
 r - 3 throwing nets
 y - 7 curare-tipped darts
Armour
 w - an orb of light
Jewellery
 h - a ring of flight (left blade tentacle)
 p - a +6 ring of strength (right blade tentacle)
 u - an amulet of magic regeneration
 v - a ring of positive energy (on tentacle)
 C - a ring of see invisible (on tentacle)
 D - a +5 ring of evasion (on tentacle)
 E - a ring of poison resistance (on tentacle)
 P - a ring of fire
 V - a ring of fire
Talismans
 b - a beast talisman
 f - a maw talisman
 q - a blade talisman (active)
 J - a flux talisman
Wands
 c - a wand of paralysis (5)
 K - a wand of light (10)
 L - a wand of flame (20)
 X - a wand of mindburst (6)
Scrolls
 a - 2 scrolls of silence
 e - 2 scrolls of teleportation
 m - 3 scrolls of amnesia
 n - 3 scrolls of poison
 s - 2 scrolls of noise
 x - a scroll of fog {unknown}
 G - a scroll of enchant armour {unknown}
 I - 2 scrolls of enchant weapon {unknown}
 N - 2 scrolls of revelation
 R - a scroll of immolation {unknown}
 U - 2 scrolls of blinking
 W - a scroll of fear {unknown}
Potions
 g - 7 potions of attraction
 i - 2 potions of brilliance {unknown}
 k - 2 potions of might {unknown}
 o - 4 potions of mutation
 t - 4 potions of haste
 z - 6 potions of curing
 A - 4 potions of heal wounds
 B - a potion of cancellation {unknown}
 F - a potion of berserk rage {unknown}
 H - 4 potions of lignification
 M - 3 potions of enlightenment {unknown}
 Q - 2 potions of invisibility {unknown}
 S - a potion of ambrosia {unknown}
Miscellaneous
 T - a lightning rod (4/4)


   Skills:
 + Level 7.7 Fighting
 + Level 7.9 Dodging
 - Level 3.0 Stealth
 + Level 12.7 Unarmed Combat
 + Level 11.3 Shapeshifting


You had 11 spell levels left.
You didn't know any spells.
Your spell library contained the following spells:

 Spells                   Type           Power      Damage    Failure   Level
 Apportation              Tloc           0%         N/A       32%         1
 Freeze                   Ice            0%         1d3       32%         1
 Magic Dart               Conj           0%         1d3       32%         1
 Jinxbite                 Hex            0%         N/A       45%         2
 Searing Ray              Conj           0%         2d4       45%         2
 Frozen Ramparts          Ice            0%         1d1       69%         3
 Hailstorm                Conj/Ice       0%         3d5       69%         3
 Summon Ice Beast         Ice/Summ       0%         N/A       69%         3
 Fulminant Prism          Conj/Alch      0%         3d5       97%         4
 Alistair's Intoxication  Alch           0%         N/A       100%        5
 Sculpt Simulacrum        Ice/Alch       0%         N/A       100%        6


Dungeon Overview and Level Annotations

Branches:
Dungeon (11/15)            Temple (1/1) D:7            Lair (2/5) D:11
 Spider (0/4) Lair:2      Ossuary (visited)
  Swamp: Lair:2-3    Shoals: Lair:2-3       Orc: D:9-12

Altars:
Ashenzari
Cheibriados
Dithmenos
Elyvilon
Fedhas
Gozag
Hepliaklqana
Kikubaaqudgha
Makhleb
Nemelex Xobeh
Okawaru
Qazlal
Ru
Sif Muna
Trog
Uskayaw
Vehumet
Wu Jian
Xom
Yredelemnul
Zin
The Shining One

Shops:
D:6 :   D:10 :   Lair:1 !?

Portals:
Trove: D:10 (give 2 scrolls of acquirement)

Annotations:
D:7 2 transporters, PanSaczeczos's ghost, novice AtHW
D:10 4 transporters


Innate Abilities, Weirdness & Mutations

You have blades for main tentacles.
You are incapable of wielding weapons or throwing items.
You cannot wear most types of armour.
You are amphibious.
You can wear up to eight rings at the same time.
Your skin changes colour to match your surroundings (Stealth+).
Your rubbery body absorbs attacks. (AC +1, EV +1)
((You are camouflaged when in or above water. (Stealth+)))
You have tentacles for arms and can constrict up to eight enemies at once.


Message History

The culicivora draws strength from your injuries!
You barely miss the redback. Your grab misses the redback.
The redback is moderately wounded.
The redback bites you!
You slash the redback! Your grab misses the redback.
The redback is severely wounded.
The jumping spider leaps!
The redback closely misses you.
You closely miss the redback. Your grab misses the redback.
Your squeeze misses the redback.
The redback is severely wounded.
The redback closely misses you.
You slash the redback! Your grab misses the redback.
The redback is almost dead.
The redback misses you.
You feel much better. The redback bites you! The redback closely misses you.
You hit the redback. Your grab misses the redback.
Your squeeze misses the redback.
The redback is almost dead.
The jumping spider leaps!
The culicivora bites you!
* * * LOW HITPOINT WARNING * * *
The culicivora draws strength from your injuries!
The redback closely misses you.
You shred the redback!!!
You kill the redback!
The jumping spider barely misses you.
The jumping spider bites you but does no damage.
The culicivora bites you!!
* * * LOW HITPOINT WARNING * * *
The culicivora draws strength from your injuries!
You feel much better.
The jumping spider completely misses you. x2
The culicivora closely misses you. The jumping spider closely misses you.
The jumping spider bites you. The culicivora closely misses you.
You see here 9 gold pieces.
You closely miss the jumping spider. You grab the jumping spider.
You constrict the jumping spider.
The jumping spider leaps free!
The culicivora bites you!!
* * * LOW HITPOINT WARNING * * *
The culicivora draws strength from your injuries!
The culicivora bites you!!
You die...
Your body crumbles into a pile of gold.

##.....###
#
#....#.#.#
##......#
####...##
##^....#
#.#...#.#
#.#^#.##
.#
##.#.#.# #
#^###^##
## ##.##
#.#^#@#
#..$#s#
#.s>..##
##...##
#####
.....
......
.......
.>.....##


You could see a culicivora and a jumping spider.

Vanquished Creatures
  Josephine (D:11)
  3 two-headed ogres
  A cyclops (D:11)
  Maurice (D:7)
  5 cane toads
  2 komodo dragons
  A rime drake (Lair:2)
  Grinder (D:5)
  2 trolls (D:11)
  A hornet (Lair:2)
  2 shadows (D:11)
  3 wyverns
  18 yaks
  6 wraiths
  Grum (D:10)
  3 redbacks (Lair:2)
  2 steam dragons
  5 vampire mosquitoes (Lair:1)
  7 water moccasins
  Duvessa (D:6)
  A swamp drake (Lair:1)
  An ice beast (D:7)
  2 black bears
  3 orc warriors
  A sky beast (D:7)
  3 ogres
  A centaur (D:9)
  8 wolves
  A phantom (D:5)
  2 kobold brigands (D:9)
  Blork the orc (D:6)
  10 bullfrogs
  2 gnoll sergeants (D:7)
  9 water moccasin zombies (Ossuary)
  2 scorpions
  A burial acolyte (Ossuary)
  Dowan (D:6)
  13 killer bees (D:7)
  A howler monkey (D:11)
  2 jellies
  3 bombardier beetles
  A gnoll bouda (D:6)
  6 orc priests
  Jessica (D:2)
  2 iguanas (D:5)
  A sleepcap (D:5)
  4 orc wizards
  2 crocodile zombies (Ossuary)
  A bullfrog simulacrum (Ossuary)
  3 mummies
  15 gnolls
  9 adders
  2 shadow imps
  2 white imps
  4 ufetubi (D:6)
  5 adder zombies (Ossuary)
  2 dart slugs
  5 ribbon worms
  33 orcs
  4 ball pythons
  8 endoplasms
  5 giant cockroaches
  3 goblins
  9 hobgoblins
  8 jackals
  6 quokkas
  5 bats
  4 frilled lizards
  6 gnoll zombies (Ossuary)
  4 jackal zombies (Ossuary)
  12 kobolds
  4 orc zombies (Ossuary)
  5 rats
315 creatures vanquished.

Notes
Turn   | Place    | Note
-------+----------+-------------------------------------------
     0 | D:1      | AlterAsc the Octopode Shapeshifter began the quest for the
                  | Orb.
     0 | D:1      | Reached XP level 1. HP: 13/13 MP: 1/1
   119 | D:1      | Reached XP level 2. HP: 9/18 MP: 2/2
   430 | D:1      | Reached skill level 4 in Unarmed Combat
   512 | D:1      | Reached XP level 3. HP: 19/23 MP: 3/3
   562 | D:1      | Found a faded altar of an unknown god.
  1124 | D:2      | Reached XP level 4. HP: 27/28 MP: 4/4
  1141 | D:2      | Noticed Jessica
  1154 | D:2      | Killed Jessica
  1155 | D:2      | Reached skill level 5 in Unarmed Combat
  1590 | D:3      | Reached XP level 5. HP: 33/33 MP: 5/5
  2316 | D:4      | Reached skill level 6 in Unarmed Combat
  2344 | D:4      | Reached XP level 6. HP: 37/38 MP: 6/6
  2560 | D:4      | Noticed a yak
  2914 | D:5      | Entered Level 5 of the Dungeon
  2921 | D:5      | Reached skill level 7 in Unarmed Combat
  2965 | D:5      | Reached XP level 7. HP: 40/43 MP: 7/7
  3013 | D:5      | Reached skill level 8 in Unarmed Combat
  3820 | D:5      | Noticed Grinder
  3827 | D:5      | Killed Grinder
  3828 | D:5      | Reached skill level 9 in Unarmed Combat
  3828 | D:5      | Reached XP level 8. HP: 33/48 MP: 8/8
  4340 | D:6      | Noticed Blork the orc
  4349 | D:6      | Killed Blork the orc
  4350 | D:6      | Reached skill level 10 in Unarmed Combat
  4833 | D:6      | Noticed Dowan
  4893 | D:6      | Killed Dowan
  4981 | D:6      | Found Ocsourghi's Book Shoppe.
  5001 | D:6      | Noticed Duvessa
  5011 | D:6      | Killed Duvessa
  5843 | D:7      | Found a bloodstained altar of Trog.
  5843 | D:7      | Noticed PanSaczeczos's ghost (novice AtHW)
  5843 | D:7      | Noticed a moth of wrath
  5895 | D:7      | Reached XP level 9. HP: 29/55 MP: 9/9
  6086 | D:7      | Noticed Maurice
  6089 | D:7      | Maurice stole an orb of light
  6090 | D:7      | Maurice stole a flux talisman
  6093 | D:7      | Maurice stole 60 stones
  6097 | D:7      | Killed Maurice
  6210 | D:7      | Found a transporter.
  6210 | D:7      | Found a transporter.
  6248 | D:7      | Found a sand-covered staircase.
  6253 | D:7      | Reached skill level 11 in Unarmed Combat
  6255 | Ossuary  | Entered an ossuary
  6418 | Ossuary  | Reached skill level 5 in Shapeshifting
  6837 | D:7      | Reached skill level 5 in Dodging
  6847 | D:7      | Reached XP level 10. HP: 65/65 MP: 10/10
  6898 | D:7      | Identified the +7 long sword "Mohun" {venom, Int+3 Dex+2}
  6967 | D:7      | Found a staircase to the Ecumenical Temple.
  6985 | Temple   | Entered the Ecumenical Temple
  7002 | Temple   | Became a worshipper of Gozag Ym Sagoz the Greedy
  7043 | D:7      | Reached skill level 5 in Fighting
  7893 | D:8      | Found a hazy altar of Hepliaklqana.
  7894 | D:8      | Found a shimmering altar of Xom.
  7894 | D:8      | Noticed a tentacled monstrosity
  7895 | D:8      | Noticed a spectral ugly thing
  7895 | D:8      | Noticed a tentacled monstrosity
  8086 | D:8      | Noticed a two-headed ogre
  8108 | D:8      | Killed a two-headed ogre
  8694 | D:9      | Noticed a two-headed ogre
  8708 | D:9      | Killed a two-headed ogre
  9124 | D:10     | Entered Level 10 of the Dungeon
  9154 | D:10     | Found a portal to a secret trove of treasure.
  9288 | D:10     | Found a transporter.
  9412 | D:10     | Found a transporter.
  9414 | D:10     | Found a transporter.
  9517 | D:10     | Noticed a two-headed ogre
  9540 | D:10     | Killed a two-headed ogre
  9541 | D:10     | Reached XP level 11. HP: 72/72 MP: 11/11
  9631 | D:10     | Found Erixo's Book Emporium.
  9828 | D:10     | Found a transporter.
  9856 | D:10     | Noticed Grum
  9864 | D:10     | Killed Grum
  9867 | D:10     | Reached skill level 10 in Shapeshifting
 10039 | D:11     | Found a gate leading to a gauntlet.
 10054 | D:11     | Noticed a cyclops
 10077 | D:11     | Killed a cyclops
 10078 | D:11     | Reached skill level 1 in Stealth
 10120 | D:11     | Noticed Josephine
 10335 | D:11     | Killed Josephine
 10515 | D:11     | Identified the +3 robe of the Little Devil {rC+ Regen+}
 10654 | D:11     | Noticed a two-headed ogre
 10660 | D:11     | Noticed an orc knight
 10679 | D:11     | Found a staircase to the Lair.
 10705 | D:11     | HP: 3/72 [troll (4)]
 10721 | Lair:1   | Entered Level 1 of the Lair of Beasts
 10988 | Lair:1   | Reached skill level 12 in Unarmed Combat
 11390 | Lair:1   | Identified the +1 short sword "Nusouddu" {flame, rCorr
                  | Str+4 Int+2}
 11495 | Lair:1   | Reached XP level 12. HP: 51/80 MP: 12/12
 11634 | Lair:1   | Bought a scroll of identify for 22 gold pieces
 11634 | Lair:1   | Bought a scroll of identify for 22 gold pieces
 11634 | Lair:1   | Bought a scroll of blinking for 82 gold pieces
 11634 | Lair:1   | Bought a scroll of identify for 22 gold pieces
 11875 | Lair:1   | Identified a scroll of acquirement
 11916 | Lair:1   | Acquired 767 gold pieces
 11919 | Lair:1   | Bought a potion of curing for 39 gold pieces
 11919 | Lair:1   | Bought a potion of heal wounds for 65 gold pieces
 11919 | Lair:1   | Bought a potion of lignification for 39 gold pieces
 11919 | Lair:1   | Bought a potion of heal wounds for 65 gold pieces
 11919 | Lair:1   | Bought a potion of curing for 39 gold pieces
 11919 | Lair:1   | Bought a potion of heal wounds for 65 gold pieces
 13390 | Lair:2   | Found a hole to the Spider Nest.
 13401 | Lair:2   | HP: 3/82 [culicivora (20)]
 13405 | Lair:2   | Mangled by a culicivora

Illustrated notes

Levels and vault maps discovered:
D:1:      dpeg_arrival_tiny_i, layout_loops_ring,
          ebering_ecumenical_altar_petrified, nicolae_wormholes
D:2:      layout_rooms, minmay_between, uniq_jessica
D:3:      layout_loops_ring, minmay_misc_feat_nine_boxes, nrook_campfire
D:4:      layout_cave_pools, lightli_corner_chamber
D:5:      layout_loops_ring, nicolae_concentric_dashed_squares_wild,
          uniq_grinder
D:6:      layout_layer_cave, serial_shops, nicolae_lakefront_shop, uniq_duvessa,
          uniq_blork_the_orc
D:7:      layout_loops_ring, minmay_temple_entry_offerings,
          gammafunk_ghost_wrathful_warriors, gup_ossuary_entry_pyramid,
          serial_library_hellmonk_h_bend, minmay_misc_feat_diagonals,
          hangedman_decor_slide_cut, eino_jars, uniq_maurice
D:8:      layout_rooms, regret_index_temple_of_mockery
D:9:      layout_rooms, grunt_ministairs_10, roderic_roman_lattice
D:10:     layout_basic, serial_shops, shop, nicolae_trove_entry_crossroad,
          chequers_arboretum, nicolae_transporter_circle, uniq_grum
D:11:     layout_loops_cross, erik_lair_orcish_takeover,
          kennysheep_orc_monster_closet_entryway, gauntlet_entry_generic,
          uniq_josephine
Temple:   nicolae_temple_bog_church
Lair:1:   layout_cellular_growth, pond, infiniplex_staircase_pool
Lair:2:   layout_cave_pods, nicolae_spider_entry_tight_spaces

Skill      XL: |  1  2  3  4  5  6  7  8  9 10 11 12 |
---------------+-------------------------------------+-----
Unarmed Combat | 4 5 6 7 9 10 11 12 | 12.7
Fighting       | 2 4 5 6 7 |  7.7
Dodging        | 3 5 6 7 |  7.9
Shapeshifting  | 5 9 10 11 | 11.3
Stealth        | 3 |  3.0

Action                     |  1- 3 |  4- 6 |  7- 9 | 10-12 || total
---------------------------+-------+-------+-------+-------++-------
  Melee: Unarmed           |    83 |   111 |   218 |   326 ||   738
         Constrict         |    21 |    26 |    44 |    52 ||   143
         Tentacles         |    13 |    25 |    47 |    72 ||   157
         Punch             |     3 |     7 |    17 |    17 ||    44
  Throw: Dart              |       |       |     8 |    24 ||    32
 Invoke: Call Merchant     |       |       |       |     2 ||     2
    Use: Potion            |       |     1 |     1 |     5 ||     7
         Scroll            |       |       |       |    16 ||    16
   Stab: Sleeping          |     6 |     7 |     6 |     8 ||    27
         Distracted        |       |       |     1 |     2 ||     3
 Armour: Skin              |    39 |    36 |   101 |   112 ||   288
  Dodge: Dodged            |    42 |    57 |   129 |   219 ||   447
   Form: Blade             |       |       |       |     1 ||     1
         Beast             |       |       |       |     1 ||     1
